 Dungeon Crawl Stone Soup version 0.29.1-1-gd02db6906a (webtiles) character file.

Game seed: 12814354184044979019

2819 llamall the Grappler (level 9, -2/126 HPs)
             Began as a Troll Fighter on Oct 22, 2022.
             Was a Follower of Trog.
             Slain by a yak (4 damage)
             ... on level 6 of the Dungeon.
             The game lasted 00:17:23 (4710 turns).

llamall the Grappler (Troll Fighter)                Turns: 4710, Time: 00:17:24

Health: -2/126     AC: 24    Str: 30    XL:     9   Next: 45%
Magic:  8/8        EV:  1    Int:  4    God:    Trog [*.....]
Gold:   88         SH:  8    Dex:  9    Spells: 8/8 levels left

rFire   . . .      SeeInvis .     - Unarmed
rCold   . . .      Faith    .   b - +0 kite shield
rNeg    . . .      Spirit   .   (body armour currently unavailable)
rPois   +          Reflect  .   (helmet currently unavailable)
rElec   .          Harm     .   (cloak currently unavailable)
rCorr   .          Rampage  .   (gloves unavailable)
Will    .....      NoTele   +   (boots unavailable)
Stlth   +.........              x - amulet of the acrobat
HPRegen 1.11/turn               (no ring)
MPRegen 0.11/turn               (no ring)

@: tree-form, on berserk cooldown, slowed, very slow
A: stationary, stasis, torment immunity, boosted hp, large, unfitting armour,
(claws 3), regeneration 1, (shaggy fur 1), (tough skin 1)
a: Renounce Religion, Berserk


You were on level 6 of the Dungeon.
You worshipped Trog.
Trog was aware of your devotion.
You were a tree.
You visited 1 branch of the dungeon, and saw 6 of its levels.
You also visited: Ossuary.

You collected 264 gold pieces.
You spent 176 gold pieces at shops.

Inventory:

Missiles
 g - 11 poisoned darts (quivered)
Armour
 a - a +0 robe (melded)
 b - a +0 kite shield (worn)
 k - a +0 cloak of poison resistance (melded)
Jewellery
 x - an amulet of the acrobat (around neck)
Wands
 y - a wand of paralysis (10)
Scrolls
 d - 3 scrolls of noise {unknown}
 e - 2 scrolls of magic mapping
 i - a scroll of fear {unknown}
 o - 3 scrolls of teleportation
 q - a scroll of poison {unknown}
 r - a scroll of vulnerability {unknown}
 s - a scroll of blinking {unknown}
 t - 4 scrolls of identify
 u - 2 scrolls of enchant armour {unknown}
 w - a scroll of summoning {unknown}
 A - a scroll of butterflies {unknown}
 B - a scroll of amnesia {unknown}
Potions
 c - a potion of might
 f - 3 potions of mutation
 h - a potion of magic {unknown}
 j - 4 potions of flight
 l - 4 potions of lignification
 m - 7 potions of curing
 n - a potion of brilliance
 p - a potion of attraction
 v - a potion of heal wounds {unknown}
 z - 2 potions of berserk rage


   Skills:
 + Level 3.7 Fighting
 + Level 0.2 Throwing
 + Level 5.7 Dodging
 + Level 1.3 Stealth
 + Level 5.8 Shields
 + Level 9.3 Unarmed Combat


You had 8 spell levels left.
You didn't know any spells.
Your spell library contained the following spells:

 Spells                   Type           Power      Damage    Failure   Level
 Necrotise                Necr           0%         1d4       77%         1
 Vampiric Draining        Necr           0%         2d6       98%         3
 Agony                    Necr           0%         N/A       100%        5


Dungeon Overview and Level Annotations

Branches:
Dungeon (6/15)            Ossuary (visited)
 Temple: D:4-7

Altars:
Ashenzari
Elyvilon
Nemelex Xobeh
Qazlal
Sif Muna
Trog
Vehumet
Yredelemnul
The Shining One

Shops:
D:4 :   D:6 *

Annotations:
D:3 1 runed translucent door
D:6 Grinder


Innate Abilities, Weirdness & Mutations

You are a tree.
Your roots penetrate the ground, keeping you stationary.
You cannot be teleported.
You are immune to unholy pain and torment.
Your maximum health is greatly increased.
Your equipment is partially melded.
You are too large for most types of armour.
((You have claws for hands.))
Your natural rate of healing is unusually fast.
((You are covered in fur. (AC +1)))
((You have tough skin. (AC +1)))


Message History

The yak closely misses you.
Really quaff the potion of lignification?
You turn into a tree.
Your +0 cloak of poison resistance melds into your body.
Your +0 robe melds into your body.
You no longer feel resistant to poison.
Your roots penetrate the ground.
Grinder says, "Mostly I couldn't keep them alive."
The yak gores you but does no damage. x2; You block the yak's attack.
The yak gores you but does no damage. x3
You pummel the yak!!
The yak is almost dead.
The yak gores you.
* * * LOW HITPOINT WARNING * * *
You block the yak's attack. The yak gores you but does no damage.
You block the yak's attack.
You hit the yak.
The yak is almost dead.
You block the yak's attack. The yak gores you but does no damage.
You block the yak's attack. The yak gores you but does no damage.
Grinder blinks!
The yak gores you but does no damage. x4
You pummel the yak!!
You kill the yak!
Trog accepts your kill. You block Grinder's attack.
The yak gores you but does no damage. The yak gores you!
* * * LOW HITPOINT WARNING * * *
You block the yak's attack.
You pummel Grinder!!
Grinder is severely wounded.
Grinder says, "I used to sell toenails on the black market."
Grinder hits you but does no damage. The yak gores you but does no damage.
You block the yak's attack. The yak completely misses you.
You barely miss Grinder.
Grinder is severely wounded.
Grinder hits you.
* * * LOW HITPOINT WARNING * * *
You writhe in agony.
* * * LOW HITPOINT WARNING * * *
The yak gores you but does no damage. The yak gores you.
You die...

######## # #......### #..#.#.##.
*********#######* #.8#.#.##.
,,,,,,,,,.......* #..#...#..
*******,,.......########8.#.###..
*,,......YY......88.#....#)
*,,......Y♣58.!.....#...#.#
*,,...#.##†##########..#... ***
*,,,,,*,*##.,,,,,,,*#.#..∩.
*>***,,,,,*,* *..,,,,*###..#...
*,,,*,,,,,*,* *...,,,,#.....#.#
*,*,,,,****,* *....,**#.##...#.
*,****,** *,* *.....###.#......
*,,,,*,,***,***#+#!...(...##.#.
*,**,,,,,,,,,,,,,,,,...........


You could see Grinder and 3 yaks.

Vanquished Creatures
  Maggie (D:6)
  A wraith (D:6)
  3 yaks (D:6)
  Menkaure (D:6)
  A water moccasin (D:5)
  A sky beast (D:6)
  An ice beast (D:5)
  An orc warrior (D:6)
  The ghost of t4s4d4r the Insei, an amateur OpTm (D:3)
  A necrophage (D:5)
  2 scorpions (D:5)
  3 water moccasin zombies (Ossuary)
  4 wights (D:6)
  A howler monkey (D:6)
  A jelly (D:4)
  2 hounds
  An orc priest (D:4)
  8 orc wizards
  5 iguanas
  2 mummies (Ossuary)
  10 adders
  5 gnolls
  3 river rats (D:3)
  A white imp (D:3)
  4 adder zombies (Ossuary)
  A worm (D:2)
  4 dart slugs
  15 orcs
  3 bats (D:1)
  2 endoplasms (D:1)
  6 giant cockroaches
  6 gnoll zombies (Ossuary)
  10 goblins
  6 hobgoblins
  5 jackals
  4 quokkas
  10 ball pythons
  3 frilled lizards
  2 goblin skeletons (D:3)
  5 hobgoblin zombies
  6 kobolds
  A kobold skeleton (D:3)
  6 kobold zombies
  5 orc zombies
  7 rats
  A spectral orc (D:4)
172 creatures vanquished.

Notes
Turn   | Place    | Note
-------+----------+-------------------------------------------
     0 | D:1      | llamall the Troll Fighter began the quest for the Orb.
     0 | D:1      | Reached XP level 1. HP: 22/22 MP: 0/0
   121 | D:1      | Reached XP level 2. HP: 28/29 MP: 1/1
   149 | D:1      | Found a faded altar of an unknown god.
   463 | D:1      | Reached XP level 3. HP: 36/36 MP: 2/2
   971 | D:2      | Reached XP level 4. HP: 34/44 MP: 3/3
  1442 | D:3      | Found a glowing golden altar of the Shining One.
  1460 | D:3      | Reached skill level 3 in Unarmed Combat
  1489 | D:3      | Found a sparkling altar of Nemelex Xobeh.
  1489 | D:3      | Found a radiant altar of Vehumet.
  1638 | D:3      | Reached XP level 5. HP: 43/52 MP: 4/4
  1755 | D:3      | Found a white marble altar of Elyvilon.
  1778 | D:3      | Found a runed translucent door.
  1950 | D:3      | Noticed t4s4d4r's ghost (amateur OpTm)
  2057 | D:3      | Found a runed translucent door.
  2339 | D:3      | Killed t4s4d4r's ghost
  2340 | D:3      | Reached XP level 6. HP: 47/61 MP: 5/5
  2463 | D:4      | Reached skill level 4 in Unarmed Combat
  2875 | D:4      | Found a basalt altar of Yredelemnul.
  2917 | D:4      | Found Inishreu's Vocational Training.
  2936 | D:4      | Reached XP level 7. HP: 56/67 MP: 6/6
  3105 | D:4      | Found a sand-covered staircase.
  3110 | Ossuary  | Entered an ossuary
  3160 | Ossuary  | Reached skill level 5 in Unarmed Combat
  3428 | D:5      | Entered Level 5 of the Dungeon
  3547 | D:5      | Reached skill level 6 in Unarmed Combat
  3570 | D:5      | Found a bloodstained altar of Trog.
  3581 | D:5      | Became a worshipper of Trog the Wrathful
  3613 | D:5      | Reached XP level 8. HP: 73/75 MP: 7/7
  3643 | D:5      | Found a shimmering blue altar of Sif Muna.
  3740 | D:5      | Found a broken altar of Ashenzari.
  3758 | D:5      | Found a stormy altar of Qazlal.
  3845 | D:5      | Reached skill level 5 in Dodging
  4071 | D:6      | Reached skill level 7 in Unarmed Combat
  4150 | D:6      | Found Nesiw's General Store.
  4166 | D:6      | Bought 2 potions of berserk rage for 110 gold pieces
  4166 | D:6      | Bought 2 potions of lignification for 66 gold pieces
  4235 | D:6      | Reached skill level 1 in Stealth
  4238 | D:6      | Reached skill level 5 in Shields
  4331 | D:6      | Noticed Maggie
  4350 | D:6      | Killed Maggie
  4351 | D:6      | Reached skill level 8 in Unarmed Combat
  4351 | D:6      | Reached XP level 9. HP: 52/83 MP: 8/8
  4601 | D:6      | Reached * piety under Trog
  4680 | D:6      | Noticed Menkaure
  4690 | D:6      | Killed Menkaure
  4695 | D:6      | Reached skill level 9 in Unarmed Combat
  4704 | D:6      | Noticed Grinder
  4708 | D:6      | HP: 3/126 [yak (12)]
  4710 | D:6      | Slain by a yak

Illustrated notes

Levels and vault maps discovered:
D:1:      elethiomel_arrival_maze, layout_basic,
          hellmonk_ecumenical_altar_arch_garden, nrook_mini_backslash,
          serial_bayou_pond_d
D:2:      layout_rooms, hangedman_decor_lopped, minmay_pentomino_p2
D:3:      layout_basic, lemuel_doored_altar, nicolae_tso_besieged_by_evil,
          gammafunk_temple_overflow_wave, gup_sewer_entry_bowl,
          ebering_ghost_sewer_f
D:4:      layout_basic, yredelemnul_forgotten_temple_becter, enter_ossuary_2,
          nicolae_shop_vocational
D:5:      layout_cave_pools, lemuel_crystal_altar,
          mainiacjoe_overflow_big_doors, led_sif_book
D:6:      layout_basic, serial_shops, nicolae_diamond_shop,
          chequers_decorated_corner, hangedman_abyss_or_decor_lesser_grid,
          uniq_grinder, uniq_maggie, uniq_menkaure, uniq_edmund

Skill      XL: |  1  2  3  4  5  6  7  8  9 |
---------------+----------------------------+-----
Shields        | 3 4 5 |  5.8
Dodging        | 3 4 5 |  5.7
Unarmed Combat | 3 4 6 8 9 |  9.3
Fighting       | 3 |  3.7
Stealth        | 1 |  1.3
Throwing       | |  0.2

Action                   |  1- 3 |  4- 6 |  7- 9 || total
-------------------------+-------+-------+-------++-------
Melee: Unarmed           |    90 |   256 |   264 ||   610
Throw: Dart              |     3 |       |     1 ||     4
Invok: Berserk           |       |       |     1 ||     1
  Use: Scroll            |       |     5 |     1 ||     6
       Potion            |       |     2 |     2 ||     4
 Stab: Sleeping          |       |     1 |       ||     1
Armor: Robe              |    23 |    98 |    59 ||   180
       Skin              |       |       |    16 ||    16
Dodge: Dodged            |    30 |    79 |    97 ||   206
Block: Kite shield       |    28 |    86 |    89 ||   203
